 Dungeon Sprint DCSS version 0.29-a0-414-g5075937ec3 (webtiles) character file.

Game seed: 12675210244061513572

8889 mhtbhm the Fencer (level 11, -11/169 HPs)
             Began as a Minotaur Berserker on May 15, 2022.
             Was a High Priest of Trog.
             Mangled by a spriggan berserker
             ... wielding a +0 quarterstaff
              (22 damage)
             ... in the Dungeon (Sprint IV: "Fedhas' Mad Dash").
             The game lasted 00:05:16 (4154 turns).

mhtbhm the Fencer (Minotaur Berserker)              Turns: 4154, Time: 00:05:17

Health: -11/169    AC: 13    Str: 25    XL:     11   Next: 15%
Magic:  10/10      EV: 14    Int:  4    God:    Trog [*****.]
Gold:   234        SH:  0    Dex: 11    Spells: 10/10 levels left

rFire   . . .      SeeInvis .   a - +3 great sword (flame)
rCold   . . .      Faith    .   (shield currently unavailable)
rNeg    . . .      Spirit   .   b - +2 scale mail {rPois}
rPois   +          Reflect  .   (helmet restricted)
rElec   .          Harm     .   j - +0 cloak
rCorr   .          Rampage  .   (no gloves)
Will    .....      NoTele   +   (no boots)
Stlth   ..........              c - amulet of invisibility {+Inv}
HPRegen 0.38/turn               (no ring)
MPRegen 0.12/turn               (no ring)

@: berserking (expiring), very quick
A: horns 2, retaliatory headbutt
a: Renounce Religion, Evoke Invisibility, Berserk, Trog's Hand, Brothers in Arms


You were in the Dungeon.
You worshipped Trog.
Trog was extremely pleased with you.
You visited 1 branch You collected 234 gold pieces.

Inventory:

Hand Weapons
 a - a +3 great sword of flaming (weapon)
Missiles
 d - 4 javelins (quivered)
Armour
 b - a +2 scale mail of poison resistance (worn)
 j - a +0 cloak (worn)
Jewellery
 c - the amulet of invisibility (around neck) {+Inv}
   (You found it in the Dungeon)

   [amulet of nothing]

   +Inv:      It lets you turn invisible.
Scrolls
 k - a scroll of acquirement {unknown}
 l - a scroll of identify {unknown}
Potions
 e - a potion of haste
 f - 2 potions of magic
 g - a potion of berserk rage
 h - a potion of degeneration {unknown}
 i - a potion of resistance {unknown}
Miscellaneous
 m - a lightning rod (4/4)


   Skills:
 + Level 15.5 Fighting
 + Level 17.8 Long Blades
 + Level 0.7 Throwing
 + Level 13.1 Armour
 + Level 11.1 Dodging
 + Level 9.8 Stealth
 + Level 7.0 Evocations


You had 10 spell levels left.
You didn't know any spells.
Your spell library was empty.

Dungeon Overview and Level Annotations

Branches:
Dungeon (1/1)

Altars:
Cheibriados
Dithmenos
Elyvilon
Gozag
Hepliaklqana
Kikubaaqudgha
Makhleb
Nemelex Xobeh
Okawaru
Qazlal
Ru
Sif Muna
Trog
Uskayaw
Vehumet
Wu Jian
Xom
Yredelemnul
Zin
The Shining One
Beogh
Jiyva
Lugonu

Shops:
D =[[*?(::


Innate Abilities, Weirdness & Mutations

You have a pair of horns on your head.
You reflexively headbutt those who attack you in melee.


Message History

a +0 hand axe; a +0 animal skin You miss the spriggan berserker.
The polar bear barely misses you. You furiously retaliate!
You headbutt the polar bear!
The polar bear claws you but does no damage.
The polar bear barely misses you.
The spriggan berserker prays to Trog.
The spriggan berserker goes berserk!
The polar bear bites you!!
* * * LOW HITPOINT WARNING * * *
The polar bear claws you but does no damage. x2
You miss the spriggan berserker. The polar bear bites you!
* * * LOW HITPOINT WARNING * * *
The polar bear closely misses you. The polar bear barely misses you.
The polar bear completely misses you. You furiously retaliate!
You headbutt the polar bear. The polar bear completely misses you.
The polar bear claws you but does no damage.
The spriggan berserker closely misses you.
You closely miss the spriggan berserker.
You slash the spriggan berserker! You burn the spriggan berserker.
The spriggan berserker is lightly wounded.
The polar bear bites you but does no damage.
The polar bear claws you but does no damage.
The polar bear closely misses you. x2
The polar bear claws you but does no damage.
The polar bear barely misses you.
The spriggan berserker barely misses you.
You furiously retaliate!
You headbutt the spriggan berserker!
Unknown command.
You completely miss the spriggan berserker.
The spriggan berserker is moderately wounded.
The polar bear bites you!
* * * LOW HITPOINT WARNING * * *
The polar bear completely misses you.
The polar bear claws you but does no damage.
The polar bear bites you!
* * * LOW HITPOINT WARNING * * *
The polar bear claws you.
* * * LOW HITPOINT WARNING * * *
The polar bear closely misses you.
The spriggan berserker hits you with a +0 quarterstaff!!
You die...

.....#...###################.....
.♣..######♣♣♣♣♣..♣.###.'..'.....[
######.:'......♣..♣##:.#..#.P.)..
'......)#♣..♣♣♣.♣).###.##)##.P...
#.......#.♣♣.(♣..)♣'...#♣.♣######
########################.....####
..... ###..♣..♣....#
....P.#####...♣......♣..
....P.i@.†.....♣....)∩.∩
......hh################
#########


You could see a spriggan berserker (berserk) and 2 polar bears.

Vanquished Creatures
  A ghost moth (D)
  A spriggan berserker (D)
  A spriggan druid (D)
  6 oklob plants (D)
  A demonic crawler (D)
  A queen bee (D)
  3 burning bushes (D)
  4 hornets (D)
  2 wandering mushrooms (D)
  3 scorpions (D)
  4 killer bees (D)
  5 oklob saplings (D)
  6 spriggans (D)
  A river rat (D)
  A rat (D)
40 creatures vanquished.

Vanquished Creatures (collateral kills)
  Agnes (D)
  A spriggan defender (D)
2 creatures vanquished.

Vanquished Creatures (others)
  A wandering mushroom (D)
  A ballistomycete spore (D)
  2 bushes (D)
  3 fungi (D)
7 creatures vanquished.

Grand Total: 49 creatures vanquished

Notes
Turn   | Place    | Note
-------+----------+-------------------------------------------
     0 | D        | mhtbhm the Minotaur Berserker began the quest for the Orb.
     0 | D        | Reached XP level 1. HP: 19/19 MP: 0/0
    10 | D        | Reached skill level 4 in Long Blades
    10 | D        | Reached XP level 2. HP: 28/28 MP: 1/1
    85 | D        | Noticed an oklob sapling
    88 | D        | Killed an oklob sapling
    89 | D        | Reached skill level 5 in Fighting
    89 | D        | Reached skill level 6 in Long Blades
    89 | D        | Reached XP level 3. HP: 32/37 MP: 2/2
   304 | D        | Noticed a scorpion
   304 | D        | Found the amulet of invisibility {+Inv}
   312 | D        | Killed a scorpion
   312 | D        | Reached ** piety under Trog
   313 | D        | Reached skill level 7 in Long Blades
   313 | D        | Reached XP level 4. HP: 19/47 MP: 3/3
   538 | D        | Found an opulent altar of Gozag.
   538 | D        | Found a hazy altar of Hepliaklqana.
   538 | D        | Found a burning altar of Makhleb.
   538 | D        | Found a sparkling altar of Nemelex Xobeh.
   538 | D        | Found a snail-covered altar of Cheibriados.
   538 | D        | Found a sacrificial altar of Ru.
   538 | D        | Found a shimmering blue altar of Sif Muna.
   538 | D        | Found a shimmering altar of Xom.
   538 | D        | Found a basalt altar of Yredelemnul.
   539 | D        | Found a viscous altar of Jiyva.
   539 | D        | Found a bloodstained altar of Trog.
   539 | D        | Found an ornate altar of the Wu Jian Council.
   540 | D        | Found an iron altar of Okawaru.
   540 | D        | Found a shadowy altar of Dithmenos.
   540 | D        | Found a glowing silver altar of Zin.
   541 | D        | Found an ancient bone altar of Kikubaaqudgha.
   541 | D        | Found a hide-covered altar of Uskayaw.
   542 | D        | Found a stormy altar of Qazlal.
   542 | D        | Found a white marble altar of Elyvilon.
   542 | D        | Found a glowing golden altar of the Shining One.
   543 | D        | Found a corrupted altar of Lugonu.
   543 | D        | Found a radiant altar of Vehumet.
   550 | D        | Reached skill level 8 in Long Blades
   550 | D        | Reached XP level 5. HP: 53/53 MP: 1/4
   598 | D        | Reached skill level 9 in Long Blades
   779 | D        | Reached skill level 5 in Armour
   781 | D        | Reached *** piety under Trog
   785 | D        | Reached skill level 10 in Long Blades
   785 | D        | Reached skill level 5 in Dodging
   785 | D        | Reached skill level 1 in Evocations
   785 | D        | Reached XP level 6. HP: 66/66 MP: 5/5
   957 | D        | Found Guon's Antique Armour Shop.
   957 | D        | Found Xyvaag's Jewellery Emporium.
   966 | D        | Noticed a burning bush
   966 | D        | Noticed a wandering mushroom
  1081 | D        | Killed a wandering mushroom
  1082 | D        | Reached skill level 10 in Fighting
  1082 | D        | Reached skill level 11 in Long Blades
  1138 | D        | Noticed a wandering mushroom
  1579 | D        | Killed a burning bush
  1580 | D        | Reached skill level 12 in Long Blades
  1580 | D        | Reached XP level 7. HP: 20/74 MP: 6/6
  1588 | D        | Found Rixe's Antique Weapon Emporium.
  1588 | D        | Found Waagh's Magic Scroll Shoppe.
  1831 | D        | Reached **** piety under Trog
  1976 | D        | Noticed a queen bee
  1987 | D        | Reached skill level 1 in Stealth
  1991 | D        | Killed a queen bee
  1992 | D        | Reached skill level 13 in Long Blades
  1992 | D        | Reached XP level 8. HP: 83/83 MP: 5/7
  1997 | D        | Reached ***** piety under Trog
  2057 | D        | Noticed an oklob plant
  2066 | D        | Killed an oklob plant
  2067 | D        | Reached skill level 14 in Long Blades
  2148 | D        | Noticed a burning bush
  2168 | D        | Killed a burning bush
  2192 | D        | Noticed a burning bush
  2192 | D        | Noticed an oklob plant
  2193 | D        | Noticed a wandering mushroom
  2204 | D        | Killed a burning bush
  2371 | D        | Killed an oklob plant
  2372 | D        | Reached skill level 10 in Armour
  2372 | D        | Reached XP level 9. HP: 93/93 MP: 6/8
  2374 | D        | Killed a wandering mushroom
  2375 | D        | Reached skill level 15 in Long Blades
  2431 | D        | Noticed a spriggan druid
  2436 | D        | Killed a spriggan druid
  2436 | D        | Received a gift from Trog
  2437 | D        | Reached skill level 5 in Stealth
  2437 | D        | Reached skill level 5 in Evocations
  2665 | D        | Noticed a spriggan rider
  3022 | D        | Noticed an oklob plant conjurer
  3024 | D        | Killed an oklob plant conjurer
  3025 | D        | Reached skill level 10 in Dodging
  3229 | D        | Noticed Agnes
  3238 | D        | Noticed an oklob plant
  3238 | D        | Noticed an oklob plant summoner
  3239 | D        | Noticed an oklob plant shifter
  3243 | D        | Killed an oklob plant
  3244 | D        | Reached XP level 10. HP: 102/102 MP: 6/9
  3245 | D        | Killed an oklob plant summoner
  3245 | D        | Reached ****** piety under Trog
  3245 | D        | Received a gift from Trog
  3246 | D        | Reached skill level 16 in Long Blades
  3250 | D        | Killed an oklob plant shifter
  3563 | D        | Noticed a spriggan rider
  3579 | D        | Found Moemoh's Book Emporium.
  3715 | D        | Found Rivudor's Book Shoppe.
  3883 | D        | Killed a ghost moth
  3884 | D        | Killed Agnes
  3885 | D        | Reached skill level 15 in Fighting
  3885 | D        | Reached skill level 17 in Long Blades
  3958 | D        | Found Extiv's Antique Armour Emporium.
  3960 | D        | Found Ypazuzof's General Store.
  3966 | D        | Noticed a spriggan defender
  3974 | D        | Killed a spriggan defender
  3974 | D        | Received a gift from Trog
  3975 | D        | Reached XP level 11. HP: 99/112 MP: 10/10
  4134 | D        | Noticed a spriggan berserker
  4140 | D        | Noticed a spriggan berserker
  4148 | D        | Killed a spriggan berserker
  4154 | D        | Mangled by a spriggan berserker

Illustrated notes

Levels and vault maps discovered:
D:        dungeon_sprint_fedhas [sprint_temple]

Skill      XL: |  1  2  3  4  5  6  7  8  9 10 11 |
---------------+----------------------------------+-----
Fighting       | 4 5 7 8 9 11 13 15 | 15.5
Long Blades    | 4 6 7 8 10 12 13 14 15 17 | 17.8
Armour         | 3 4 5 7 8 10 11 12 13 | 13.1
Dodging        | 3 4 5 6 7 9 10 11 | 11.1
Evocations     | 1 2 4 5 7 |  7.0
Stealth        | 1 4 6 9 |  9.8
Throwing       | |  0.7

Action                   |  1- 3 |  4- 6 |  7- 9 | 10-12 || total
-------------------------+-------+-------+-------+-------++-------
Melee: Falchion          |    12 |    51 |    79 |       ||   142
       Headbutt          |     1 |    19 |    23 |     4 ||    47
       Punch             |       |     3 |     2 |       ||     5
       Great sword       |       |       |    13 |    40 ||    53
Throw: Javelin           |       |       |       |     1 ||     1
Invok: Berserk           |     3 |     3 |     5 |     4 ||    15
       Brothers in Arms  |       |       |       |     2 ||     2
 Abil: Evoke Invisibilit |       |     1 |     4 |       ||     5
  Use: Potion            |     1 |       |     1 |       ||     2
       Scroll            |       |       |     1 |       ||     1
 Stab: Invisible         |       |       |     7 |     1 ||     8
       Sleeping          |       |       |     1 |     2 ||     3
Armor: Animal skin       |     1 |       |       |       ||     1
       Ring mail         |       |     8 |     8 |     7 ||    23
       Scale mail        |       |       |       |    13 ||    13
Dodge: Dodged            |     2 |    15 |    28 |    28 ||    73

Table legend: (Time is in decaauts)
 A = Elapsed time spent in this place.
 B = Non-inter-level travel time spent in this place.
 C = Inter-level travel time spent in this place.
 D = Time resting spent in this place.
 E = Time spent auto-exploring this place.
 F = Levels seen in this place.
 G = Mean time per level.
                   A        B        C        D        E       F      G
               +--------+--------+--------+--------+--------+-----+--------+
         Total |   4230 |   4230 |      0 |   3562 |      0 |   1 | 4230.0 |
       Dungeon |   4230 |   4230 |      0 |   3562 |      0 |   1 | 4230.0 |
               +--------+--------+--------+--------+--------+-----+--------+

Top non-repeatable levels by time:
       D: 4230 daAuts
